 Dungeon Crawl Stone Soup version 0.28-a0-385-g79de503ca0 (webtiles) character file.

Game seed: 11467753613050885698

256 Malachi the Chopper (level 5, -5/47 HPs)
             Began as a Minotaur Fighter on Sept 3, 2021.
             Slain by a hornet zombie (7 damage)
             ... on level 3 of the Dungeon.
             The game lasted 00:01:55 (1636 turns).

Malachi the Chopper (Minotaur Fighter)              Turns: 1636, Time: 00:01:55

Health: -5/47      AC: 12    Str: 21    XL:     5   Next: 92%
Magic:  4/4        EV: 10    Int:  5    God:
Gold:   43         SH:  4    Dex: 10    Spells: 4/4 levels left

rFire   . . .      SeeInvis .   a - +0 war axe
rCold   . . .      Faith    .   c - +0 buckler
rNeg    . . .      Spirit   .   b - +0 scale mail
rPois   .          Reflect  .   (helmet restricted)
rElec   .          Harm     .   o - +0 cloak
rCorr   .          Rampage  .   (no gloves)
Will    .....                   (no boots)
Stlth   ..........              (no amulet)
HPRegen 0.15/turn               i - +4 ring of protection
MPRegen 0.09/turn               (no ring)

@: no status effects
A: horns 2, retaliatory headbutt
a: no special abilities


You were on level 3 of the Dungeon.
You visited 1 branch of the dungeon, and saw 3 of its levels.

You collected 43 gold pieces.

Inventory:

Hand Weapons
 a - a +0 war axe (weapon)
 h - a +2 short sword of electrocution
Missiles
 d - 26 poisoned darts (quivered)
Armour
 b - a +0 scale mail (worn)
 c - a +0 buckler (worn)
 o - a +0 cloak (worn)
Jewellery
 i - a +4 ring of protection (left hand)
Wands
 n - a wand of polymorph (5)
Scrolls
 e - a scroll of holy word {unknown}
 f - a scroll of identify {unknown}
 g - a scroll of magic mapping {unknown}
 j - a scroll of teleportation {unknown}
 k - a scroll of silence {unknown}
 m - a scroll of fog {unknown}
 q - a scroll of fear {unknown}
Potions
 l - 2 potions of brilliance {unknown}
 p - 2 potions of berserk rage {unknown}


   Skills:
 + Level 4.7 Fighting
 + Level 5.2 Axes
 + Level 5.0 Armour
 + Level 1.2 Dodging
 + Level 4.2 Shields


You had 4 spell levels left.
You didn't know any spells.
Your spell library was empty.

Dungeon Overview and Level Annotations

Branches:
Dungeon (3/15)

Altars:
Xom


Innate Abilities, Weirdness & Mutations

You have a pair of horns on your head.
You reflexively headbutt those who attack you in melee.


Message History

You slash the hornet zombie!
The hornet zombie is heavily damaged.
The hornet zombie hits you but does no damage.
You barely miss the hornet zombie.
The hornet zombie is heavily damaged.
The hornet zombie barely misses you. The hornet zombie closely misses you.
You barely miss the hornet zombie.
The hornet zombie is heavily damaged.
The hornet zombie closely misses you.
The hornet zombie hits you but does no damage.
You slash the hornet zombie!
The hornet zombie is severely damaged.
The hornet zombie hits you but does no damage.
You hit the hornet zombie but do no damage.
The hornet zombie is severely damaged.
The hornet zombie hits you! x2
You are too injured to fight recklessly!
You are too injured to fight recklessly!
You are too injured to fight recklessly!
You barely miss the hornet zombie.
The hornet zombie is severely damaged.
The hornet zombie hits you but does no damage.
You hit the hornet zombie.
You headbutt the hornet zombie, but do no damage.
The hornet zombie is severely damaged.
The hornet zombie hits you but does no damage.
The hornet zombie hits you.
* * * LOW HITPOINT WARNING * * *
You closely miss the hornet zombie. You headbutt the hornet zombie!
The hornet zombie is almost destroyed.
You block the hornet zombie's attack. The hornet zombie hits you!
* * * LOW HITPOINT WARNING * * *
You barely miss the hornet zombie.
The hornet zombie is almost destroyed.
The hornet zombie hits you but does no damage.
You hit the hornet zombie. Your headbutt misses the hornet zombie.
The hornet zombie is almost destroyed.
The hornet zombie hits you but does no damage.
The hornet zombie hits you!
You die...

♣♣##.. ♣P#...
##. P.... ....
...#####.≈.8.
..##(Z..≈...
#.##@#§.≈§§
#.##.# .≈≈§§
######## #....#
≈≈.§ .......#
#.#### ≈_≈
##.#.#.######.#
§§
.<............#
≈
..<..##########
######


You could see a hornet zombie.

Vanquished Creatures
  Sigmund (D:2)
  An orc priest (D:2)
  3 gnolls (D:2)
  2 dart slugs
  4 orcs (D:2)
  2 ball pythons
  4 bats
  6 endoplasms
  2 giant cockroaches (D:1)
  A goblin (D:1)
  A hobgoblin (D:1)
  4 kobolds
  2 quokkas (D:1)
  8 rats
41 creatures vanquished.

Notes
Turn   | Place    | Note
-------+----------+-------------------------------------------
     0 | D:1      | Malachi the Minotaur Fighter began the quest for the Orb.
     0 | D:1      | Reached XP level 1. HP: 19/19 MP: 0/0
    52 | D:1      | Found a faded altar of an unknown god.
   230 | D:1      | Reached XP level 2. HP: 21/27 MP: 1/1
   882 | D:2      | Reached XP level 3. HP: 33/33 MP: 2/2
  1289 | D:2      | Noticed Sigmund
  1297 | D:2      | Killed Sigmund
  1298 | D:2      | Reached skill level 1 in Dodging
  1298 | D:2      | Reached XP level 4. HP: 41/41 MP: 3/3
  1298 | D:2      | Reached XP level 5. HP: 47/47 MP: 4/4
  1300 | D:2      | Found a shimmering altar of Xom.
  1390 | D:2      | Reached skill level 5 in Axes
  1594 | D:3      | Reached skill level 5 in Armour
  1615 | D:3      | Found a shimmering altar of Xom.
  1634 | D:3      | HP: 2/47 [hornet zombie (10)]
  1636 | D:3      | Slain by a hornet zombie

Illustrated notes

Levels and vault maps discovered:
D:1:      nicolae_arrival_washed_ashore, layout_basic,
          hellmonk_ecumenical_altar_blasted
D:2:      layout_basic, basic_altar, uniq_sigmund
D:3:      gammafunk_wand_slinger, layout_loops_ring,
          mainiacjoe_overflow_catwalk, minmay_tree_intersection, uniq_grinder,
          uniq_crazy_yiuf_cottage, uniq_ijyb

Skill      XL: |  1  2  3  4  5 |
---------------+----------------+-----
Armour         | 4 5 |  5.0
Fighting       | 4 |  4.7
Shields        | 4 |  4.2
Axes           | 3 4 5 |  5.2
Dodging        | 1 |  1.2

Action                   |  1- 3 |  4- 6 || total
-------------------------+-------+-------++-------
Melee: War axe           |    58 |    33 ||    91
       Headbutt          |    12 |     6 ||    18
  Use: Potion            |     1 |       ||     1
Armor: Scale mail        |    35 |    15 ||    50
Dodge: Dodged            |    35 |     9 ||    44
Block: Buckler           |    12 |     4 ||    16

Table legend: (Time is in decaauts)
 A = Elapsed time spent in this place.
 B = Non-inter-level travel time spent in this place.
 C = Inter-level travel time spent in this place.
 D = Time resting spent in this place.
 E = Time spent auto-exploring this place.
 F = Levels seen in this place.
 G = Mean time per level.
                   A        B        C        D        E       F      G
               +--------+--------+--------+--------+--------+-----+--------+
         Total |   1662 |   1622 |     40 |    253 |   1094 |   3 |  554.0 |
       Dungeon |   1662 |   1622 |     40 |    253 |   1094 |   3 |  554.0 |
               +--------+--------+--------+--------+--------+-----+--------+

Top non-repeatable levels by time:
     D:1: 825 daAuts
     D:2: 789 daAuts
     D:3: 48 daAuts
